 Dungeon Crawl Stone Soup version 0.28.0 (webtiles) character file.

Game seed: 2896373269955031565

3032 ProzacElf the Slasher (level 9, -3/68 HPs)
             Began as a Demonspawn Fighter on Feb 17, 2022.
             Was an Initiate of Fedhas.
             Slain by Harold (16 damage)
             ... on level 8 of the Dungeon.
             The game lasted 00:16:42 (10339 turns).

ProzacElf the Slasher (Demonspawn Fighter)         Turns: 10339, Time: 00:16:43

Health: -3/68      AC: 19    Str: 18    XL:     9   Next: 56%
Magic:  20/20      EV:  4    Int:  9    God:    Fedhas [......]
Gold:   424        SH:  0    Dex: 15    Spells: 8/8 levels left

rFire   . . .      SeeInvis .   b - +5 falchion (freeze)
rCold   . . .      Faith    .   c - +0 buckler
rNeg    + . .      Spirit   .   g - +1 plate armour
rPois   +          Reflect  .   (no helmet)
rElec   .          Harm     .   f - +2 ratskin cloak {*Rats rPois rN+ Str-1 Int-1 Dex+1}
rCorr   +          Rampage  .   (no gloves)
Will    .....                   (no boots)
Stlth   ..........              M - amulet of the acrobat
HPRegen 0.21/turn               q - ring of magical power
MPRegen 0.17/turn               x - ring of resist corrosion

@: marked, held
A: thin metallic scales 2, ignite blood 1, demonic magic 1, demonic touch 2
a: Renounce Religion


You were on level 8 of the Dungeon.
You worshipped Fedhas.
Fedhas was noncommittal.
You visited 2 branches of the dungeon, and saw 10 of its levels.

You collected 424 gold pieces.

Inventory:

Hand Weapons
 a - a +1 vampiric long sword
 b - a +5 falchion of freezing (weapon)
 z - a +0 long sword of draining
 E - a +1 whip of pain
 G - a +3 falchion
 K - a +2 vorpal falchion
 Q - a +4 scimitar
Missiles
 j - 2 throwing nets
 p - 300 stones
 s - 5 boomerangs (quivered)
 t - 51 bolts
 u - 139 arrows
 v - 5 curare-tipped darts
 F - a boomerang of dispersal
Armour
 c - a +0 buckler (worn)
 f - the +2 ratskin cloak (worn) {*Rats rPois rN+ Str-1 Int-1 Dex+1}
   (You found it on level 8 of the Dungeon)

   When the wearer is hurt, rats may emerge from it to assist them.
   Str:       It affects your strength (-1).
   Int:       It affects your intelligence (-1).
   Dex:       It affects your dexterity (+1).
   rPois:     It protects you from poison.
   rN:        It protects you from negative energy.
 g - a +1 plate armour (worn)
 i - a +0 chain mail
 I - a +0 scale mail
Jewellery
 q - a ring of magical power (left hand)
 x - a ring of resist corrosion (right hand)
 C - a ring of ice
 M - an amulet of the acrobat (around neck)
Wands
 e - a wand of polymorph (2)
 k - a wand of acid (7)
 w - a wand of iceblast (19)
Scrolls
 h - 2 scrolls of amnesia
 l - 2 scrolls of enchant armour
 y - 4 scrolls of fog
 D - a scroll of teleportation
 L - a scroll of enchant weapon
Potions
 d - a potion of might
 m - 2 potions of mutation
 n - a potion of haste
 o - 2 potions of curing
 r - a potion of ambrosia {!e}
 A - a potion of resistance
 B - 2 potions of invisibility {unknown}
 H - a potion of magic
 J - a potion of berserk rage
 N - a potion of attraction
 O - a potion of degeneration {unknown}
 P - 2 potions of flight {unknown}


   Skills:
 - Level 5.0 Fighting
 + Level 6.4 Long Blades
 + Level 3.7 Throwing
 - Level 5.0 Armour
 - Level 5.0 Dodging
 - Level 3.0 Stealth
 - Level 2.6 Shields
 + Level 3.3 Invocations
 - Level 5.0 Evocations


You had 8 spell levels left.
You didn't know any spells.
Your spell library contained the following spells:

 Spells                   Type           Power      Damage    Failure   Level
 Ensorcelled Hibernation  Hex/Ice        0%         N/A       100%        2
 Passwall                 Tmut/Erth      0%         N/A       100%        2
 Gell's Gravitas          Tloc           0%         N/A       100%        3
 Lesser Beckoning         Tloc           0%         N/A       100%        3
 Swiftness                Air            0%         N/A       100%        3
 Teleport Other           Tloc           0%         N/A       100%        3


Dungeon Overview and Level Annotations

Branches:
Dungeon (9/15)             Temple (1/1) D:7            Lair (0/6) D:8
    Orc: D:9-12

Altars:
Ashenzari
Cheibriados
Dithmenos
Elyvilon
Fedhas
Gozag
Hepliaklqana
Kikubaaqudgha
Makhleb
Nemelex Xobeh
Okawaru
Qazlal
Ru
Sif Muna
Trog
Uskayaw
Vehumet
Wu Jian
Xom
Yredelemnul
Zin
The Shining One
Jiyva

Shops:
D:3 [

Annotations:
D:1 J altar
D:8 Harold


Innate Abilities, Weirdness & Mutations

You are mostly covered in thin metallic scales. (AC +3)
Your demonic aura sometimes causes spilled blood to erupt in flames.
Spells you cast may paralyse adjacent enemies.
Your touch may inflict irresistible damage on your foes.


Message History

Harold throws a throwin' net.
Ye block tha throwin' net.
Tha black bear goes berserk!
Tha oklob plant spits acid at tha black bear.
Tha splash o' acid hits tha black bear!
Tha black bear dies!
Harold hits tha bush wit' a +2 battleaxe o' freezin'!!
Harold freezes tha bush.
Harold hits tha plant wit' a +2 battleaxe o' freezin'!
Tha plant begins ta die.
Harold freezes tha plant.
Harold hits tha bush wit' a +2 battleaxe o' freezin'.
Harold freezes tha bush.
Harold hits tha plant wit' a +2 battleaxe o' freezin'.
Tha plant begins ta die.
Harold freezes tha plant.
Harold hits tha plant wit' a +2 battleaxe o' freezin'!!
Harold freezes tha plant!
Harold hits tha bush wit' a +2 battleaxe o' freezin'!
Harold freezes tha bush.
Harold hits tha plant wit' a +2 battleaxe o' freezin'!
Harold freezes tha plant.
Harold hits tha bush wit' a +2 battleaxe o' freezin'!
Harold freezes tha bush.
Harold hits tha bush wit' a +2 battleaxe o' freezin'!!
Harold freezes tha bush.
Tha bush be destroyed!
Harold hits tha plant wit' a +2 battleaxe o' freezin'!!
Harold freezes tha plant.
Harold hits tha bush wit' a +2 battleaxe o' freezin'!
Harold freezes tha bush.
Harold hits tha plant wit' a +2 battleaxe o' freezin'!
Harold freezes tha plant.
Ye see 'ere a throwin' net.
j - 2 throwin' nets (gain'd 1) Harold throws a throwin' net.
Tha throwin' net hits ye.
Ye become entangled in tha net!
Ye struggle against tha net.
A nearby plant withars an' dies. x2
Ye struggle against tha net.
Ye tear a large gash inta tha net.
Harold hits ye wit' a +2 battleaxe o' freezin'!
Ye die...
Fedhas appreciates yer contribution ta tha ecosystem.

##...###............#.###
##.....................##
#...#...................####
...#####................#..##
..## #........P)..........#
.##
#......PPPP..........##### ##
##.....P.PPP.............# #
#.....P..>PP............. ##
##.....PP@.)P.........#### .#
#.....PPP@.PP..(......# # .##
#.......P.P...........# ..##
#.......P.............# ...#
##........)...........# ...#
#.....^..Y.........### ...##
##................## ....####
#.#.........##.###
.......#####..####.######


You could see Harold, an elephant and 3 neutral oklob plants.

Vanquished Creatures
  2 wyverns
  A basilisk (D:8)
  A floating eye (D:8)
  2 water moccasins
  2 orc warriors
  A black bear (D:6)
  3 ogres
  A necrophage (D:6)
  3 centaurs
  2 kobold brigands
  9 wights (D:6)
  3 howler monkeys (D:8)
  2 jellies (D:6)
  A centaur zombie (D:8)
  4 hounds
  3 orc priests
  A gnoll shaman (D:5)
  A centaur skeleton (D:4)
  An iguana (D:7)
  Ijyb (D:4)
  Terence (D:2)
  2 orc wizards
  A killer bee zombie (D:8)
  A hound skeleton (D:4)
  8 gnolls
  A howler monkey zombie (D:7)
  6 adders
  A white imp (D:5)
  An ufetubus (D:4)
  A worm (D:1)
  4 dart slugs
  18 orcs
  4 bats
  11 endoplasms
  3 giant cockroaches
  5 goblins
  10 hobgoblins
  6 jackals (D:1)
  9 kobolds
  4 quokkas
  9 ball pythons
  6 frilled lizards
  11 rats
167 creatures vanquished.

Vanquished Creatures (others)
  An oklob plant (D:8)
  A black bear (D:8)
  A centaur (D:8)
  2 kobolds (D:8)
  A bush (D:8)
  3 fungi (D:8)
  3 plants (D:8)
12 creatures vanquished.

Grand Total: 179 creatures vanquished

Notes
Turn   | Place    | Note
-------+----------+-------------------------------------------
     0 | D:1      | ProzacElf the Demonspawn Fighter began the quest for the
                  | Orb.
     0 | D:1      | Reached XP level 1. HP: 18/18 MP: 1/1
   160 | D:1      | Reached skill level 2 in Long Blades
   186 | D:1      | Gained mutation: Your touch may inflict minor irresistible
                  | damage on your foes. [demonic ancestry]
   186 | D:1      | Reached XP level 2. HP: 22/24 MP: 2/2
   739 | D:1      | Found a viscous altar of Jiyva.
   831 | D:1      | Reached XP level 3. HP: 29/29 MP: 3/3
  1429 | D:2      | Reached skill level 3 in Long Blades
  1429 | D:2      | Gained mutation: You are partially covered in thin metallic
                  | scales. (AC +2) [demonic ancestry]
  1429 | D:2      | Reached XP level 4. HP: 8/35 MP: 4/4
  1929 | D:2      | Noticed Terence
  1934 | D:2      | Killed Terence
  2404 | D:3      | Found Jam Jow's Armour Boutique.
  2785 | D:3      | Gained mutation: Your touch may inflict irresistible damage
                  | on your foes. [demonic ancestry]
  2785 | D:3      | Reached XP level 5. HP: 39/41 MP: 5/5
  3325 | D:4      | Noticed an ogre
  3332 | D:4      | Killed an ogre
  3333 | D:4      | Reached skill level 4 in Long Blades
  3817 | D:4      | Noticed Ijyb
  3829 | D:4      | Killed Ijyb
  3830 | D:4      | Gained mutation: Your demonic aura sometimes causes spilled
                  | blood to erupt in flames. [demonic ancestry]
  3830 | D:4      | Reached XP level 6. HP: 33/47 MP: 6/6
  4103 | D:4      | Reached skill level 5 in Armour
  4286 | D:5      | Entered Level 5 of the Dungeon
  4621 | D:5      | Found a snail-covered altar of Cheibriados.
  4754 | D:5      | Reached skill level 5 in Long Blades
  4770 | D:5      | Reached skill level 1 in Evocations
  4948 | D:5      | Gained mutation: Spells you cast may paralyse adjacent
                  | enemies. [demonic ancestry]
  4948 | D:5      | Reached XP level 7. HP: 52/52 MP: 7/7
  6076 | D:6      | Reached skill level 5 in Fighting
  6085 | D:6      | Gained mutation: You are mostly covered in thin metallic
                  | scales. (AC +3) [demonic ancestry]
  6085 | D:6      | Reached XP level 8. HP: 41/60 MP: 8/8
  6244 | D:6      | Reached skill level 5 in Evocations
  6271 | D:6      | Reached skill level 1 in Dodging
  6271 | D:6      | Reached skill level 1 in Stealth
  7327 | D:6      | You fall into a shaft and drop 3 floors!
  7699 | D:8      | Reached skill level 5 in Dodging
  7838 | D:7      | Reached skill level 1 in Throwing
  7838 | D:7      | Reached XP level 9. HP: 46/68 MP: 9/9
  9171 | D:7      | Found a staircase to the Ecumenical Temple.
  9190 | Temple   | Entered the Ecumenical Temple
  9479 | Temple   | Became a worshipper of Fedhas Madash
  9644 | D:8      | Found the +2 ratskin cloak {*Rats rPois rN+ Str-1 Int-1
                  | Dex+1}
  9703 | D:8      | Reached skill level 1 in Invocations
  9707 | D:8      | Reached skill level 6 in Long Blades
  9846 | D:8      | Noticed an elephant
  9866 | D:8      | Noticed Harold
 10174 | D:8      | Noticed an oklob plant
 10178 | D:8      | Noticed an oklob plant
 10178 | D:8      | Noticed an oklob plant
 10178 | D:8      | Paralysed by a floating eye for 3 turns
 10184 | D:8      | Paralysed by a floating eye for 3 turns
 10190 | D:8      | Noticed an oklob plant
 10291 | D:8      | Found a staircase to the Lair.
 10330 | D:8      | Killed an oklob plant
 10339 | D:8      | Slain by Harold

Illustrated notes

Levels and vault maps discovered:
D:1:      erik_arrival_cave_to_civilisation [erik_arrival_cave_to_temple],
          layout_basic, grunt_decor_one_mirror, nicolae_wormholes
D:2:      layout_loops_ring, minmay_misc_feat_cross, uniq_terence
D:3:      layout_basic, serial_shops, shop_fountains
D:4:      minmay_wonky_spiral, layout_basic, uniq_ijyb
D:5:      layout_basic, kennysheep_slug_shrine
D:6:      layout_loops_cross, chequers_jeans
D:7:      layout_basic, minmay_temple_entry_glassed_door,
          kennysheep_another_room
D:8:      layout_cave_pods, david_lair_generic, disabler_island, uniq_harold
D:9:      layout_gridville
Temple:   roderic_octagonal_lattice_temple

Skill      XL: |  1  2  3  4  5  6  7  8  9 |
---------------+----------------------------+-----
Long Blades    | 2 3 4 5 6 |  6.4
Armour         | 3 4 5 |  5.0
Evocations     | 1 4 5 |  5.0
Fighting       | 5 |  5.0
Dodging        | 5 |  5.0
Stealth        | 3 |  3.0
Throwing       | 1 3 |  3.7
Invocations    | 3 |  3.3
Shields        | |  2.6

Action                   |  1- 3 |  4- 6 |  7- 9 || total
-------------------------+-------+-------+-------++-------
Melee: Long sword        |   136 |   184 |    53 ||   373
       Falchion          |       |       |   193 ||   193
  Use: Potion            |       |     1 |     5 ||     6
       Scroll            |       |       |    17 ||    17
Armor: Scale mail        |    61 |       |       ||    61
       Chain mail        |    28 |   111 |    41 ||   180
       Plate armour      |       |       |    88 ||    88
Dodge: Dodged            |    63 |    55 |    88 ||   206
Block: Buckler           |    38 |    49 |    59 ||   146
